 Dungeon Crawl Stone Soup version 0.30-a0-722-g3e6e8c874d (webtiles) character file.

Game seed: 12770708878708355455

3291 CoinPitGoblin the Geomancer (level 10, -14/52 HPs)
             Began as a Gargoyle Earth Elementalist on Jan 28, 2023.
             Was an Initiate of the Shining One.
             Demolished by an ogre
             ... wielding a +0 halberd
              (17 damage)
             ... in a bailey.
             The game lasted 00:23:36 (7123 turns).

CoinPitGoblin the Geomancer (GrEE)                  Turns: 7123, Time: 00:23:37

Health: -14/52     AC: 14    Str: 16    XL:     10   Next: 1%
Magic:  21/22      EV: 12    Int: 26    God:    the Shining One [......]
Gold:   715        SH:  0    Dex: 10    Spells: 8/26 levels left

rFire   + . .      SeeInvis .    c - staff of earth
rCold   . . .      Faith    .    (no shield)
rNeg    + . .      Spirit   .    a - +0 robe
rPois   ∞          Reflect  .    (no helmet)
rElec   +          Harm     .    (no cloak)
rCorr   .          Rampage  .    s - +2 pair of gloves of the Cobbler {rF+ Str+4}
Will    .....                    n - +1 pair of boots
Stlth   +                        (no amulet)
HPRegen 0.28/turn                x - +6 ring of intelligence
MPRegen 0.18/turn                (no ring)

@: glowing
A: sickness immunity, AC +7, negative energy resistance 1, electricity
resistance, torment resistance 1, petrification resistance
a: Renounce Religion


You were in a bailey.
You worshipped the Shining One.
The Shining One was noncommittal.
You visited 2 branches of the dungeon, and saw 9 of its levels.
You also visited: Ossuary and Bailey.

You collected 715 gold pieces.

Inventory:

Hand Weapons
 d - a +0 heavy hand axe
 r - a +1 mace of holy wrath
Armour
 a - a +0 robe (worn)
 n - a +1 pair of boots (worn)
 s - the +2 pair of gloves of the Cobbler (worn) {rF+ Str+4}
   (You found it on level 5 of the Dungeon)

   Str:       It affects your strength (+4).
   rF:        It protects you from fire.
Magical Staves
 c - a staff of earth (weapon)
Jewellery
 x - a +6 ring of intelligence (left hand)
Wands
 t - a wand of flame (29)
Scrolls
 e - a scroll of enchant weapon
 h - 2 scrolls of teleportation
 k - a scroll of fear
 l - a scroll of brand weapon
 p - a scroll of fog
 u - a scroll of blinking
 v - a scroll of magic mapping
 w - a scroll of identify
Potions
 b - a potion of magic
 g - a potion of flight {unknown}
 i - 2 potions of curing
 j - 2 potions of resistance
 m - 4 potions of haste
 o - 4 potions of brilliance
 q - 2 potions of cancellation


   Skills:
 + Level 1.0 Fighting
 + Level 3.4 Dodging
 - Level 2.1 Stealth
 + Level 8.7 Spellcasting
 - Level 0.7 Transmutations
 + Level 11.7 Earth Magic


You had 8 spell levels left.
You knew the following spells:

 Your Spells              Type           Power      Damage    Failure   Level
a - Stone Arrow           Conj/Erth      100%       3d13      1%          3
q - Sandblast             Erth           100%       2d20      1%          1
s - Lee's Rapid Deconstr  Erth           41%        3d20*     1%          5
w - Petrify               Tmut/Erth      60%        N/A       4%          4
x - Swiftness             Air            11%        N/A       16%         3
z - Passwall              Tmut/Erth      50%        N/A       1%          2

Your spell library contained the following spells:

 Spells                   Type           Power      Damage    Failure   Level
 Magic Dart               Conj           44%        1d5       5%          1
 Shock                    Conj/Air       44%        1d5       5%          1
 Call Imp                 Summ           11%        N/A       8%          2
 Inner Flame              Hex/Fire       11%        N/A       16%         3
 Kindle Blastsparks       Fire/Tloc/Air  22%        2d11      16%         3
 Mephitic Cloud           Conj/Pois/Air  11%        N/A       16%         3
 Vhi's Electric Charge    Tloc/Air       22%        N/A       16%         3
 Airstrike                Air            5%         2d(1-17)  45%         4
 Cause Fear               Hex            5%         N/A       45%         4
 Dispel Undead            Necr           11%        3d9       45%         4
 Fulminant Prism          Conj/Hex       5%         3d7       45%         4
 Iskenderun's Mystic Bla  Conj/Tloc      11%        2d4       45%         4
 Arcjolt                  Conj/Air       5%         1d15      82%         5
 Fireball                 Conj/Fire      5%         3d5       82%         5
 Iskenderun's Battlesphe  Conj           11%        2d7       82%         5
 Conjure Ball Lightning   Conj/Air       5%         3x3d6     100%        6
 Death Channel            Necr           5%         N/A       100%        6
 Orb of Destruction       Conj           5%         9d5       100%        7
 Discord                  Hex            5%         N/A       100%        8
 Maxwell's Capacitive Co  Air            5%         ∞         100%        8
 Cigotuvi's Dreadful Rot  Necr/Pois/Air  Unusable   N/A       N/A         2

Dungeon Overview and Level Annotations

Branches:
Dungeon (8/15)             Temple (1/1) D:7         Ossuary (visited)
 Bailey (1/1)
   Lair: D:8-11

Altars:
Cheibriados
Dithmenos
Elyvilon
Fedhas
Gozag
Hepliaklqana
Kikubaaqudgha
Makhleb
Nemelex Xobeh
Okawaru
Ru
Sif Muna
Trog
Uskayaw
Wu Jian
Xom
Zin
The Shining One

Shops:
D:3 =   D:4 ?


Innate Abilities, Weirdness & Mutations

You are immune to sickness and miasma.
Your stone body is resilient. (AC +7)
You are immune to poison.
You resist negative energy. (rN+)
You are resistant to electric shocks. (rElec)
You are resistant to unholy torment.
You are immune to petrification.


Message History

Moving in this stuff is going to be slow.
An ogre comes into view. It is wielding a +0 halberd.
The ogre shouts!
You hear a shout!
A spriggan comes into view. It is wielding a +0 spear.
An ogre comes into view. It is wielding a +0 halberd.
There are monsters nearby!
There are monsters nearby!
An ogre comes into view. It is wielding a +0 halberd.
The spriggan shouts!
The ogre shouts! x2; You hear a shout!
You feel a surge of power!
The blast of sand hits the ogre!
The ogre is moderately wounded.
The ogre hits you from afar with a +0 halberd!
An ogre comes into view. It is wielding a +0 halberd.
The spriggan hits you from afar with a +0 spear!
You feel a surge of power!
The blast of sand hits the ogre!
The ogre is severely wounded.
The ogre barely misses you.
The spriggan hits you from afar with a +0 spear!
An ogre comes into view. It is wielding a +0 halberd.
The spriggan hits you but does no damage.
The ogre closely misses you. x2
An ogre comes into view. It is wielding a +0 halberd.
The ogre hits you from afar with a +0 halberd.
The spriggan barely misses you.
There is a gate leading back out of this place here.
You are too injured to fight recklessly!
Aiming: Sandblast (safe; 1% risk of failure)
Press: ? - help, Q - select action, (/) - cycle Shift-Dir - straight line, f/p - ogre
Aim: an ogre, wielding a +0 halberd (severely wounded, 93% to hit)
You feel a surge of power!
The blast of sand hits the spriggan!!
The spriggan is severely wounded.
The ogre hits you from afar with a +0 halberd.
The ogre hits you from afar with a +0 halberd!!
* * * LOW HITPOINT WARNING * * *
The spriggan hits you from afar with a +0 spear.
* * * LOW HITPOINT WARNING * * *
The ogre barely misses you.
The spriggan hits you but does no damage.
The ogre hits you from afar with a +0 halberd!
You die...

#######
###.....###
##.........##
##...........##
#....∩...@....#
##...........##
##....OOiO.##
###~~~OO###
#~~~~~# #~~~~~#
#.......#
#.........#
#..♣#####♣..#


You could see 5 ogres and a spriggan.

Vanquished Creatures
  Grinder (D:4)
  Sigmund (D:5)
  A steam dragon (D:5)
  Menkaure (D:4)
  A water moccasin (D:5)
  3 orc warriors
  A black bear (D:6)
  An ice beast (D:8)
  2 ogres
  A wolf (D:8)
  2 centaurs
  2 phantoms (D:6)
  An elf zombie (Ossuary)
  A kobold brigand (D:8)
  2 bullfrogs (D:7)
  6 scorpions
  A howler monkey (D:5)
  8 hounds
  A jelly (D:6)
  3 orc priests
  An iguana (D:6)
  7 orc wizards
  A centaur simulacrum (D:8)
  2 mummies (Ossuary)
  A killer bee simulacrum (D:8)
  3 gnolls (D:3)
  9 adders
  A shadow imp (D:6)
  A howler monkey simulacrum (D:8)
  4 ufetubi
  4 worms
  5 dart slugs
  18 orcs
  5 bats
  8 endoplasms
  5 giant cockroaches
  3 gnoll zombies (Ossuary)
  9 goblins
  8 hobgoblins
  3 jackals (D:5)
  3 quokkas
  7 ball pythons
  5 frilled lizards
  3 goblin zombies (Ossuary)
  5 hobgoblin zombies (Ossuary)
  13 kobolds
  2 orc zombies (Ossuary)
  6 rats
182 creatures vanquished.

Vanquished Creatures (others)
  6 toadstools (D:8)
6 creatures vanquished.

Grand Total: 188 creatures vanquished

Notes
Turn   | Place    | Note
-------+----------+-------------------------------------------
     0 | D:1      | CoinPitGoblin the Gargoyle Earth Elementalist began the
                  | quest for the Orb.
     0 | D:1      | Reached XP level 1. HP: 10/10 MP: 3/3
   243 | D:1      | Reached skill level 4 in Earth Magic
   243 | D:1      | Reached XP level 2. HP: 15/15 MP: 1/5
   682 | D:1      | Found a faded altar of an unknown god.
   685 | D:1      | Reached XP level 3. HP: 19/19 MP: 4/6
   813 | D:1      | Learned a level 2 spell: Passwall
  1476 | D:2      | Reached XP level 4. HP: 24/24 MP: 2/8
  2005 | D:3      | Found Zewkureh's Jewellery Emporium.
  2205 | D:3      | Reached skill level 5 in Earth Magic
  2371 | D:3      | Reached XP level 5. HP: 24/28 MP: 7/10
  2764 | D:4      | Reached skill level 6 in Earth Magic
  2764 | D:4      | Reached XP level 6. HP: 33/33 MP: 2/12
  2959 | D:4      | Learned a level 5 spell: Lee's Rapid Deconstruction
  2963 | D:4      | Learned a level 3 spell: Swiftness
  3226 | D:4      | Found an ancient bone altar of Kikubaaqudgha.
  3246 | D:4      | Found a bloodstained altar of Trog.
  3278 | D:4      | Found a large runed translucent door.
  3279 | D:4      | Found a large runed translucent door.
  3282 | D:4      | Noticed Grinder
  3291 | D:4      | Killed Grinder
  3292 | D:4      | Reached skill level 7 in Earth Magic
  3292 | D:4      | Reached XP level 7. HP: 34/37 MP: 9/14
  3294 | D:4      | Reached skill level 5 in Spellcasting
  3374 | D:4      | Found Ramiut's Magic Scroll Emporium.
  3399 | D:4      | Noticed Menkaure
  3403 | D:4      | Killed Menkaure
  3547 | D:4      | Found a sparkling altar of Nemelex Xobeh.
  3553 | D:4      | Found an iron altar of Okawaru.
  3556 | D:4      | Reached skill level 8 in Earth Magic
  3604 | D:5      | Entered Level 5 of the Dungeon
  3705 | D:5      | Reached XP level 8. HP: 38/42 MP: 11/16
  3944 | D:5      | Reached skill level 9 in Earth Magic
  4014 | D:5      | Noticed Sigmund
  4018 | D:5      | Killed Sigmund
  4141 | D:5      | Identified the +2 pair of gloves of the Cobbler {rF+ Str+4}
  4273 | D:5      | Reached skill level 1 in Fighting
  4677 | D:5      | Learned a level 4 spell: Petrify
  4681 | D:5      | Learned a level 3 spell: Stone Arrow
  4768 | D:6      | Reached XP level 9. HP: 33/47 MP: 17/19
  4820 | D:6      | Found a white marble altar of Elyvilon.
  4827 | D:6      | Reached skill level 10 in Earth Magic
  5050 | D:6      | Found a sand-covered staircase.
  5064 | Ossuary  | Entered an ossuary
  5286 | D:6      | Reached skill level 11 in Earth Magic
  5882 | D:7      | Found a shimmering altar of Xom.
  5981 | D:7      | Found a burning altar of Makhleb.
  6010 | D:7      | Found a staircase to the Ecumenical Temple.
  6042 | D:7      | HP: 2/47 [orc priest/divine providence (13)]
  6508 | Temple   | Entered the Ecumenical Temple
  6672 | Temple   | Became a worshipper of the Shining One
  7089 | D:8      | Found a flagged portal.
  7095 | D:8      | Reached XP level 10. HP: 52/52 MP: 20/22
  7100 | Bailey   | Entered a bailey
  7122 | Bailey   | HP: 2/52 [spriggan/+0 spear (1)]
  7123 | Bailey   | Demolished by an ogre

Illustrated notes

Levels and vault maps discovered:
D:1:      dpeg_arrival_houses_and_road, layout_basic,
          ebering_ecumenical_altar_rust
D:2:      layout_rooms, serial_aquarium, aquarium_bridge_island_small
          [aquarium_subvault_small_open, aquarium_subvault_balcony,
          aquarium_subvault_wall, aquarium_subvault_window,
          aquarium_subvault_bridge], aquarium_window_1, aquarium_window_fake,
          aquarium_view_2b, aquarium_view_2b, aquarium_balcony_double_3,
          minmay_diced_spiral
D:3:      layout_rooms, serial_shops, nicolae_shop_hallway_stairs
D:4:      layout_basic, nicolae_overflow_hidden_temple, jmf_multi_god_temple2,
          serial_shops, shop_statue, uniq_grinder, uniq_menkaure
D:5:      layout_loops_ring, minmay_misc_feat_chi, uniq_sigmund
D:6:      layout_basic, mainiacjoe_overflow_small_starburst,
          chequers_ossuary_entry_cave
D:7:      layout_basic, lemuel_tele_altar, bloody_makhleb,
          minmay_temple_entry_stoned_glass, nrook_mini_backslash
D:8:      cheibrodos_fertilizer, layout_basic, kennysheep_mini_moat,
          lair_entry_dummy, enter_bailey_1, serial_ice, serial_ice_n,
          serial_ice_m, serial_ice_f, serial_ice_i, serial_ice_h, serial_ice_b
Temple:   jpeg_temple_clearing
Bailey:   bailey_polearm_enchanted_keep_hellmonk, bailey

Skill      XL: |  1  2  3  4  5  6  7  8  9 |
---------------+----------------------------+-----
Earth Magic    | 4 5 6 7 8 9 11 | 11.7
Spellcasting   | 3 4 5 7 8 |  8.7
Dodging        | 2 3 |  3.4
Fighting       | 1 |  1.0
Stealth        | |  2.1
Transmutations | |  0.7

Action                     |  1- 3 |  4- 6 |  7- 9 | 10-12 || total
---------------------------+-------+-------+-------+-------++-------
  Melee: Unarmed           |     8 |       |       |       ||     8
         Hand axe          |     7 |       |       |       ||     7
         Staff             |       |     9 |     8 |       ||    17
         Punch             |       |     1 |     1 |       ||     2
   Cast: Sandblast         |    55 |    60 |   152 |     4 ||   271
         Passwall          |       |       |     1 |       ||     1
    Use: Scroll            |       |     9 |     9 |       ||    18
         Potion            |       |       |     1 |       ||     1
 Armour: Robe              |    13 |    18 |    48 |     2 ||    81
  Dodge: Dodged            |    33 |    17 |    70 |     5 ||   125

Table legend: (Time is in decaauts)
 A = Elapsed time spent in this place.
 B = Non-inter-level travel time spent in this place.
 C = Inter-level travel time spent in this place.
 D = Time resting spent in this place.
 E = Time spent auto-exploring this place.
 F = Levels seen in this place.
 G = Mean time per level.
                   A        B        C        D        E       F      G
               +--------+--------+--------+--------+--------+-----+--------+
         Total |   7269 |   6600 |    669 |    301 |   5168 |  11 |  660.8 |
       Dungeon |   6845 |   6218 |    627 |    301 |   4874 |   8 |  855.6 |
        Temple |    178 |    136 |     42 |      0 |    123 |   1 |  178.0 |
       Ossuary |    219 |    219 |      0 |      0 |    159 |   1 |  219.0 |
        Bailey |     26 |     26 |      0 |      0 |     12 |   1 |   26.0 |
               +--------+--------+--------+--------+--------+-----+--------+

Top non-repeatable levels by time:
     D:1: 1260 daAuts
     D:5: 1103 daAuts
     D:4: 996 daAuts
     D:6: 962 daAuts
     D:7: 896 daAuts
     D:2: 853 daAuts
     D:3: 616 daAuts
 Ossuary: 219 daAuts
  Temple: 178 daAuts
     D:8: 155 daAuts
  Bailey: 26 daAuts
